cohdb
Replays
Latest Replays
All Replays
Popular Replays
Top Player Replays
Match Explorer
How It Works
Community
CoH3 Stats
Reddit
Sign in to upload your games and track your stats! →
Sign in with Steam
Match 43800542
Unlisted
Match 43800542
Overview
Messages
Build Orders
End
Kradschützen Motorcycle Team
Panzergrenadier Squad
Panzergrenadier Squad
Construct Light Support Kompanie
MG34 Team
2.5-tonne Medical Truck
Construct Mechanized Kompanie
254 Reconnaissance Tractor
Selects Panzerjäger Kommand Battlegroup
Selects Panzerjäger Kommand Battlegroup
Selects Mine Fields
Selects Defensive Positions
Marder III Tank Destroyer
Selects Butterfly Bomb Drop
Panzerpioneer Squad
254 Reconnaissance Tractor
Forward Retreat Point
Construct Panzerarmee Kommand
Butterfly Bomb Drop
Selects Tank Busters
Selects Crew Shock Tactics
Armored Reserves
Dog
Holyluya
Halokoo
São Leopoldo
VewDew
dad81ace
lyj00forest
董
0
0
Comments
sign in to comment!
No comments posted yet!